 Dungeon Crawl Stone Soup version 0.29.1-12-g30fa7ad0bf (webtiles) character file.

Game seed: 12244555747879229887

51 haze1103 the Shield-Bearer (level 3, -3/31 HPs)
             Began as a Palentonga Fighter on Jan 6, 2023.
             Killed from afar by Natasha (5 damage)
             ... with a magic dart
             ... on level 2 of the Dungeon.
             The game lasted 00:04:42 (1165 turns).

haze1103 the Shield-Bearer (Palentonga Fighter)     Turns: 1165, Time: 00:04:43

Health: -3/31      AC:  8    Str: 23    XL:     3   Next: 58%
Magic:  3/3        EV:  7    Int: 14    God:
Gold:   41         SH:  4    Dex:  9    Spells: 2/2 levels left

rFire   . . .      SeeInvis +   a - +0 flail
rCold   . . .      Faith    .   c - +0 buckler
rNeg    . . .      Spirit   .   b - +0 scale mail
rPois   .          Reflect  .   (no helmet)
rElec   .          Harm     .   (no cloak)
rCorr   .          Rampage  .   i - +1 pair of gloves
Will    .....                   (no barding)
Stlth   ..........              (no amulet)
HPRegen 0.10/turn               g - +6 ring of intelligence
MPRegen 0.08/turn               (no ring)

@: no status effects
A: large, rugged brown scales 3, see invisible, deformed body, roll 1, armoured
tail
a: Rolling Charge


You were on level 2 of the Dungeon.
You visited 1 branch of the dungeon, and saw 2 of its levels.

You collected 41 gold pieces.

Inventory:

Hand Weapons
 a - a +0 flail (weapon)
Missiles
 h - 5 poisoned darts
Armour
 b - a +0 scale mail (worn)
 c - a +0 buckler (worn)
 i - a +1 pair of gloves (worn)
Jewellery
 g - a +6 ring of intelligence (left hand)
Wands
 j - a wand of light (10)
Scrolls
 e - a scroll of identify {unknown}
Potions
 d - a potion of might
 f - a potion of heal wounds {unknown}


   Skills:
 - Level 3.0 Fighting
 + Level 3.1 Maces & Flails
 + Level 0.3 Throwing
 - Level 2.4 Armour
 + Level 3.4 Shields


You had 2 spell levels left.
You didn't know any spells.
Your spell library contained the following spells:

 Spells                   Type           Power      Damage    Failure   Level
 Tukima's Dance           Hex            0%         N/A       95%         3
 Passage of Golubria      Tloc           0%         N/A       100%        4
 Yara's Violent Unravell  Hex/Tmut       0%         3d3       100%        5


Dungeon Overview and Level Annotations

Branches:
Dungeon (2/15)

Altars:

Annotations:
D:2 Natasha


Innate Abilities, Weirdness & Mutations

You are completely covered in rugged brown scales. (AC +3, +7% HP)
You have supernaturally acute eyesight. (SInv)
Armour fits poorly on your strangely shaped body.
You can roll at nearby foes to attack.
You have a long armoured tail.


Message History

You closely miss Natasha. Natasha casts a spell at you.
You resist with significant effort.
You barely miss Natasha. You block Natasha's attack.
You completely miss Natasha. You tail-slap Natasha.
Natasha is moderately wounded.
Natasha claws you.
You closely miss Natasha.
Your tail-slap misses Natasha.
Natasha is moderately wounded.
Natasha barely misses you.
Natasha wildly gestures.
Natasha's front paws start to glow.
Natasha claws you but does no damage.
You hit Natasha.
Natasha is moderately wounded.
Natasha claws you.
* * * LOW HITPOINT WARNING * * *
You closely miss Natasha.
Natasha is moderately wounded.
You block Natasha's attack.
You barely miss Natasha.
Natasha is moderately wounded.
Natasha closely misses you.
You barely miss Natasha. You tail-slap Natasha.
Natasha is heavily wounded.
Natasha stares at you and mumbles some strange words.
You resist with significant effort.
Natasha stares at you and mumbles some strange words.
The magic dart hits you!
* * * LOW HITPOINT WARNING * * *
You hit Natasha.
Natasha is almost dead.
Natasha casts a spell at you. You resist with significant effort.
Unknown command.
You closely miss Natasha.
Natasha is almost dead.
Natasha stares at you and mumbles some strange words.
The magic dart hits you.
You die...

#........###
#......$...#
#.......#
#$..$.#
##...##
###..####.#
#5.........
#h#..####..
#@#........
#.#|.......
#.#.#####..
#.#.## .
#....#
##....### .
#.......##..
#...........
#.......##..


You could see Natasha and a white imp (summoned).

Vanquished Creatures
  A gnoll (D:1)
  A dart slug (D:1)
  2 endoplasms
  A giant cockroach (D:1)
  4 goblins (D:1)
  4 hobgoblins (D:1)
  3 jackals (D:1)
  3 kobolds
  3 quokkas
  5 ball pythons (D:1)
  5 bats (D:1)
  A frilled lizard (D:1)
  4 rats (D:1)
37 creatures vanquished.

Notes
Turn   | Place    | Note
-------+----------+-------------------------------------------
     0 | D:1      | haze1103 the Palentonga Fighter began the quest for the
                  | Orb.
     0 | D:1      | Reached XP level 1. HP: 19/19 MP: 1/1
   193 | D:1      | Reached XP level 2. HP: 21/25 MP: 2/2
   588 | D:1      | Reached XP level 3. HP: 27/31 MP: 3/3
  1141 | D:2      | Noticed Natasha
  1163 | D:2      | HP: 1/31 [Natasha/magic dart (8)]
  1165 | D:2      | Killed from afar by Natasha

Illustrated notes

Levels and vault maps discovered:
D:1:      dpeg_arrival_snail, layout_basic
D:2:      layout_loops_ring, hellmonk_ecumenical_altar_arch_garden,
          kennysheep_generic_room_3, uniq_natasha, uniq_crazy_yiuf_cottage

Skill      XL: |  1  2  3 |
---------------+----------+-----
Shields        | 3 |  3.4
Maces & Flails | 3 |  3.1
Fighting       | |  3.0
Throwing       | |  0.3
Armour         | |  2.4

Action                   || total
-------------------------++-------
Melee: Flail             ||   115
       Tailslap          ||    13
 Abil: Rolling Charge    ||     5
Armor: Scale mail        ||    82
Dodge: Dodged            ||    52
Block: Buckler           ||    28
